 Dungeon Crawl Stone Soup version 0.29.1-2-gbd0b4ee654 (webtiles) character file.

Game seed: 10466329742777124711

28 Hadkhar the Trooper (level 3, -3/29 HPs)
             Began as a Human Abyssal Knight on Nov 18, 2022.
             Was a Priest of Lugonu.
             Slain by Natasha (7 damage)
             ... on level 2 of the Dungeon.
             The game lasted 00:04:53 (1436 turns).

Hadkhar the Trooper (Human Abyssal Knight)          Turns: 1436, Time: 00:04:53

Health: -3/29      AC:  4    Str: 15    XL:     3   Next: 30%
Magic:  4/4        EV: 11    Int: 10    God:    Lugonu [***...]
Gold:   76         SH:  0    Dex: 13    Spells: 2/2 levels left

rFire   . . .      SeeInvis .   a - +1 mace
rCold   . . .      Faith    .   (no shield)
rNeg    . . .      Spirit   .   b - +0 leather armour
rPois   .          Reflect  .   (no helmet)
rElec   .          Harm     .   (no cloak)
rCorr   .          Rampage  .   (no gloves)
Will    .....                   k - +0 pair of boots
Stlth   +.........              f - amulet of the acrobat
HPRegen 0.09/turn               (no ring)
MPRegen 0.09/turn               (no ring)

@: slowed, very slow
A: no striking features
a: Renounce Religion, Depart the Abyss, Bend Space, Banish


You were on level 2 of the Dungeon.
You worshipped Lugonu.
Lugonu was most pleased with you.
You visited 1 branch of the dungeon, and saw 2 of its levels.
You visited the Abyss 1 time.

You collected 76 gold pieces.

Inventory:

Hand Weapons
 a - a +1 mace (weapon)
Missiles
 d - 2 atropa-tipped darts
 e - 5 javelins
Armour
 b - a +0 leather armour (worn)
 k - a +0 pair of boots (worn)
Jewellery
 f - an amulet of the acrobat (around neck)
Scrolls
 h - 2 scrolls of poison {unknown}
 i - a scroll of silence {unknown}
 j - 2 scrolls of identify {unknown}
Potions
 c - a potion of ambrosia {unknown}
 g - a potion of lignification {unknown}


   Skills:
 + Level 3.3 Fighting
 + Level 2.4 Maces & Flails
 + Level 2.4 Armour
 - Level 1.0 Dodging
 + Level 2.5 Invocations


You had 2 spell levels left.
You didn't know any spells.
Your spell library was empty.

Dungeon Overview and Level Annotations

Branches:
Dungeon (2/15)

Altars:

Annotations:
D:2 Natasha


Message History

You climb downwards.
Found 16 gold pieces.
Found an escape hatch in the ceiling.
There is a stone staircase leading up here.
Natasha, Servant of Life and Death comes into view.
Found a stone staircase leading up.
A kobold comes into view. It is wielding a +0 whip.
Natasha hisses angrily.
The kobold shouts!
You closely miss Natasha. Natasha completely misses you.
You hit Natasha.
Natasha is moderately wounded.
Natasha barely misses you. Natasha claws you.
You hit Natasha.
Natasha is moderately wounded.
Natasha closely misses you.
You sock Natasha!
Natasha is severely wounded.
Natasha casts a spell at you.
You feel yourself slow down. The kobold barely misses you.
You barely miss Natasha.
Natasha is severely wounded.
Natasha howls an incantation.
Natasha's front paws start to glow.
Natasha claws you but does no damage. The kobold closely misses you.
Natasha claws you. The kobold barely misses you.
You hit Natasha.
Natasha is almost dead.
Natasha misses you. The kobold closely misses you.
Natasha casts a spell at you. The magic dart hits you.
The kobold barely misses you.
You hit Natasha but do no damage.
Natasha is almost dead.
Natasha claws you. The kobold hits you with a +0 whip.
* * * LOW HITPOINT WARNING * * *
Natasha closely misses you.
You closely miss Natasha.
Natasha is almost dead.
The kobold barely misses you. Natasha claws you.
* * * LOW HITPOINT WARNING * * *
The kobold hits you but does no damage. Natasha claws you!
You die...

#.# # #.# #.#.#
#.#.######
#.#$.....
#......#
#..Kh#.##
#@##..##.#
#..###......<.#
#......<#...#.
#.####### ..#
.# #


You could see Natasha and a kobold.

Vanquished Creatures
  2 ball pythons (D:1)
  2 endoplasms (D:1)
  4 goblins (D:1)
  A hobgoblin (D:1)
  5 jackals (D:1)
  A quokka (D:1)
  3 bats (D:1)
  2 frilled lizards (D:1)
  A kobold (D:1)
  7 rats (D:1)
28 creatures vanquished.

Notes
Turn   | Place    | Note
-------+----------+-------------------------------------------
     0 | Abyss:1  | Hadkhar the Human Abyssal Knight began the quest for the
                  | Orb.
     0 | Abyss:1  | Reached XP level 1. HP: 18/18 MP: 2/2
     1 | D:1      | Escaped the Abyss
   296 | D:1      | Reached XP level 2. HP: 20/24 MP: 3/3
   759 | D:1      | Reached XP level 3. HP: 21/29 MP: 4/4
   994 | D:1      | Found a faded altar of an unknown god.
  1165 | D:1      | Reached *** piety under Lugonu
  1426 | D:2      | Noticed Natasha
  1436 | D:2      | Slain by Natasha

Illustrated notes

Levels and vault maps discovered:
D:1:      scummos_arrival_simple_crosswalls, layout_basic,
          basic_ecumenical_altar, minmay_pentomino_v4
D:2:      layout_basic, minivault_27, uniq_natasha

Action                   || total
-------------------------++-------
Melee: Mace              ||    76
       Punch             ||     1
Armor: Leather armour    ||    18
Dodge: Dodged            ||    72
